 Dungeon Crawl Stone Soup version 0.30-a0-881-g1ff12e1e11 (webtiles) character file.

Game seed: 2206540374893371036

54618 FallingFreak the Fighter (level 14, -29/130 HPs)
             Began as a Ghoul Warper on Mar 13, 2023.
             Was a High Priest of Okawaru.
             Annihilated by Rupert
             ... wielding a +2 great mace of holy wrath
              (56 damage)
             ... on level 12 of the Dungeon on Mar 14, 2023.
             The game lasted 03:34:45 (35136 turns).

FallingFreak the Fighter (Ghoul Warper)            Turns: 35136, Time: 03:34:46

Health: -29/130    AC: 29    Str: 19    XL:     14   Next: 73%
Magic:  0/22       EV: 11    Int: 14    God:    Okawaru [*****.]
Gold:   883        SH:  0    Dex:  8    Spells: 18/25 levels left

rFire   + . .      SeeInvis .    b - +3 glaive (venom)
rCold   + . .      Faith    .    (shield currently unavailable)
rNeg    + + +      Spirit   +    F - +9 ring mail of Resilience {Str+3}
rPois   ∞          Reflect  .    w - +2 helmet
rElec   .          Rampage  .    K - scarf {repulsion}
rCorr   +                        B - +1 pair of gloves
Will    +....                    m - +1 pair of boots of Rationality {Contam rF+ rCorr Int+2} Stlth
                                 d - amulet of guardian spirit {!P}
HPRegen 0.00/turn                t - +4 ring of protection
MPRegen 0.18/turn                S - +4 ring of slaying

@: about to teleport, on blink cooldown, inhibited regen, repel missiles
A: claws 1, cold resistance 1, negative energy resistance 3, inhibited
regeneration, torment resistance 2, devour on kill
a: Renounce Religion, Heroism, Finesse, Duel


You were on level 12 of the Dungeon.
You worshipped Okawaru.
Okawaru was extremely pleased with you.
You visited 3 branches of the dungeon, and saw 19 of its levels.

You collected 1501 gold pieces.
You spent 618 gold pieces at shops.

Inventory:

Hand Weapons
 a - the +3 glaive of Crawling {flame, Int+2 Stlth+}
   (Okawaru gifted it to you on level 4 of the Lair of Beasts)

   Int:       It affects your intelligence (+2).
   Stlth:     It makes you more stealthy.
 b - a +3 glaive of venom (weapon)
 s - the +8 mace of the Endless March {flame, *Noise Fly rF- Dex+4 SInv}
   (You took it off a centaur warrior on level 12 of the Dungeon)

   Dex:       It affects your dexterity (+4).
   rF:        It makes you vulnerable to fire.
   SInv:      It lets you see invisible.
   Fly:       It grants you flight.
   *Noise:    It may make noises in combat.
 X - a +2 heavy glaive
Missiles
 q - 7 throwing nets {!f}
 r - 3 boomerangs of dispersal {!f}
 x - 46 poisoned darts (quivered)
 E - 37 javelins
 I - 42 boomerangs
 L - 8 silver javelins
 T - 8 curare-tipped darts
Armour
 m - the +1 pair of boots of Rationality (worn) {Contam rF+ rCorr Int+2}
   (You found it on level 4 of the Dungeon)

   Int:       It affects your intelligence (+2).
   rF:        It protects you from fire.
   Contam:    It causes magical contamination when unequipped.
   rCorr:     It protects you from acid and corrosion.
 w - a +2 helmet (worn)
 B - a +1 pair of gloves (worn)
 F - the +9 ring mail of Resilience (worn) {Str+3}
   (You took it off an orc warrior on level 12 of the Dungeon)

   Str:       It affects your strength (+3).
 K - a scarf of repulsion (worn)
 N - the +0 scale mail of Igoix {Rampage rC++ Str-3 Stlth+}
   (Okawaru gifted it to you on level 12 of the Dungeon)

   Str:       It affects your strength (-3).
   rC:        It greatly protects you from cold.
   Rampage:   It bestows one free step when moving towards enemies.
   Stlth:     It makes you more stealthy.
 R - a +3 troll leather armour {Snorg}
 Y - a +4 scale mail of fire resistance
Magical Staves
 k - a staff of air {@w2!a}
 Q - a staff of cold {@w1!a}
Jewellery
 d - an amulet of guardian spirit (around neck) {!P}
 j - a ring of ice
 p - a ring of protection from fire
 t - a +4 ring of protection (left hand)
 u - a ring of see invisible
 S - a +4 ring of slaying (right hand)
Wands
 i - a wand of digging (3)
 l - a wand of acid (8)
 o - a wand of flame (14)
 M - a wand of mindburst (21)
 P - a wand of polymorph (4)
Scrolls
 c - 2 scrolls of enchant weapon
 f - a scroll of blinking
 g - 6 scrolls of teleportation
 h - 2 scrolls of magic mapping
 v - a scroll of enchant armour
 y - 3 scrolls of fog
 G - 4 scrolls of poison
 H - 2 scrolls of immolation
 U - a scroll of torment
 V - a scroll of summoning
 W - a scroll of acquirement {@r5}
Potions
 e - 3 potions of heal wounds
 n - a potion of haste {unknown}
 z - 11 potions of curing
 A - 5 potions of flight {unknown}
 C - a potion of mutation {unknown}
 D - a potion of berserk rage {unknown}
 O - 4 potions of ambrosia {unknown}
 Z - 2 potions of might
Miscellaneous
 J - a phial of floods


   Skills:
 + Level 13.7 Fighting
 + Level 11.6 Polearms
 - Level 0.8 Throwing
 + Level 11.4 Armour
 - Level 1.7 Dodging
 - Level 6.1 Spellcasting
 - Level 8.0 Translocations
 - Level 4.8 Ice Magic
 + Level 1.3 Air Magic
 - Level 8.7 Invocations


You had 18 spell levels left.
You knew the following spells:

 Your Spells              Type           Power      Damage    Failure   Level
c - Blink                 Tloc           52%        N/A       1%          2
A - Teleport Other        Tloc           26%        N/A       2%          3
Z - Lesser Beckoning      Tloc           52%        N/A       1%          2

Your spell library contained the following spells:

 Spells                   Type           Power      Damage    Failure   Level
 Manifold Assault         Tloc           26%        N/A       9%          4
 Vhi's Electric Charge    Tloc/Air       34%        N/A       11%         3
 Ensorcelled Hibernation  Hex/Ice        22%        N/A       13%         2
 Shock                    Conj/Air       24%        1d4       19%         1
 Kindle Blastsparks       Fire/Tloc/Air  26%        2d12      21%         3
 Magic Dart               Conj           16%        1d3       24%         1
 Swiftness                Air            8%         N/A       38%         3
 Mephitic Cloud           Conj/Pois/Air  5%         N/A       52%         3
 Ignite Poison            Fire/Tmut/Pois 4%         N/A       56%         3
 Stone Arrow              Conj/Erth      8%         3d7       56%         3
 Airstrike                Air            4%         2d(1-17)  80%         4
 Anguish                  Hex/Necr       2%         N/A       93%         4
 Freezing Cloud           Conj/Ice/Air   5%         6-21      95%         5
 Lightning Bolt           Conj/Air       3%         1d14      99%         5
 Lehudib's Crystal Spear  Conj/Erth      2%         10d2      100%        8
 Call Imp                 Summ           Unusable   N/A       N/A         2
 Spider Form              Tmut/Pois      Unusable   N/A       N/A         3
 Summon Lightning Spire   Summ/Air       Unusable   N/A       N/A         4
 Animate Armour           Summ/Erth      Unusable   N/A       N/A         4

Dungeon Overview and Level Annotations

Branches:
Dungeon (13/15) Zot: 25219  Temple (1/1) D:6 Zot: 5727    Lair (5/5) D:9 Zot: 16971
 Shoals (0/4) Lair:3        Snake (0/4) Lair:2        Slime (0/5) Lair:5
    Orc (0/2) D:12
 Vaults: D:13-14

Altars:
Ashenzari
Dithmenos
Fedhas
Kikubaaqudgha
Makhleb
Nemelex Xobeh
Okawaru
Sif Muna
Trog
Uskayaw
Xom
Jiyva

Shops:
D:1 ?   D:4 *   D:5 :=*?   D:11 *

Annotations:
D:2 Sigmund
D:3 3 runed translucent doors, Newt's ghost, amateur KoHu
D:4 1 transporter
D:6 1 runed translucent door, Crazy Yiuf
D:12 Rupert
D:13 exclusion: 2 upstairs
Lair:4 1 exclusion
Lair:5 @飛べるようになったらくる


Innate Abilities, Weirdness & Mutations

You are immune to poison.
You have sharp fingernails.
Your flesh is cold resistant. (rC+)
You are immune to negative energy. (rN+++)
You do not regenerate when monsters are visible.
You are immune to unholy pain and torment.
You thrive by killing the living.


Message History

Okay, then.
Reach: b) +3 glaive (venom)
Press: ? - help, Dir - move target, f - you That would be overly suicidal.
Okay, then.
Reach: b) +3 glaive (venom)
Press: ? - help, Dir - move target, f - you That would be overly suicidal.
Okay, then.
Things that are here:
a +0 club; a howler monkey corpse; a shapeshifter corpse
Things that are here:
a +0 robe; a +0 shortbow; a +0 whip
There is a stone staircase leading up, spattered with blood here.
You start waiting.
Rupert is nearby!
Rupert yells loudly at you.
You suddenly lose the ability to move!
You stop ascending the stairs.
Rupert roars madly and goes into a rage!
Rupert goes berserk!
Rupert hits you with a +2 great mace of holy wrath!
You convulse!
You can move again.
Rupert hits you with a +2 great mace of holy wrath!!
You convulse!!
Rupert hits you with a +2 great mace of holy wrath.
You convulse.
* * * LOW HITPOINT WARNING * * *
You climb upwards.
There is a stone staircase leading down here.
Casting: Lesser Beckoning (safe; 1% risk of failure)
Confirm with . or Enter, or press ? or * to list all spells.
You blink.
As you read the scroll of teleportation, it crumbles to dust.
You feel strangely unstable. Rupert hits you but does no damage.
Rupert attacks as you move away!
Rupert hits you with a +2 great mace of holy wrath!!!
* * * LOW HITPOINT WARNING * * *
You convulse!!!
You die...

#.#########).....## #.#.#
#.# ..........+......@#
#.#.# #.#
#.#########......@###†#.#
#.#
.....)...['(...÷>.#...#.#
#.#
#.####.####.......#.###.#
#.# #.# #.# #.......#.#
#.# #.# ~.# #.#
#####[..#.# #.# #.# #.#
#.# #...#.# #.# #.# ~.#
#.# ######...#.# #.# #.#
#.####.# #.....=..#.# #.#
#.# ≈~~....# #.####...#.#
#.# #.# ~~#.#### #.#
#...#.# #.# #.# ......#
#.# #...#.# #.# ###.##
~.#.#.# #.# #...#.# #.#
#....# ~~#...## #.#
#...#.# #.# #.####
.......###.# #.^.#.# #.#
#.# ...........#
#...#.###.# #.#


You could see Rupert (berserk).

Vanquished Creatures
  2 hydras (Lair:5)
  4 centaur warriors
  3 two-headed ogres
  Urug (D:12)
  A deep elf knight (D:12)
  A deep elf archer (D:12)
  A lindwurm (Lair:4)
  An orc knight (D:12)
  A deep elf pyromancer (D:12)
  3 cyclopes
  11 elephants
  A manticore (shapeshifter) (D:13)
  4 black mambas
  A merfolk siren (Lair:3)
  7 cane toads
  A gargoyle (D:11)
  A cane toad (shapeshifter) (D:13)
  4 rime drakes
  Psyche (D:12)
  5 komodo dragons
  5 kobold demonologists
  An unseen horror (D:13)
  A queen bee (Lair:2)
  3 trolls
  3 merfolk
  4 polar bears
  5 hornets
  11 blink frogs
  2 dream sheep (Lair:5)
  13 spriggans (Lair:5)
  A jumping spider (shapeshifter) (D:13)
  A wraith (D:12)
  A shadow (D:12)
  6 slime creatures (D:13)
  3 water elementals
  7 wyverns
  5 basilisks
  58 yaks
  4 vampire mosquitoes (D:13)
  Edmund (Temple)
  3 nagas (Lair:2)
  18 water moccasins
  3 acid dragons
  4 black bears
  2 sky beasts
  An ice beast (D:6)
  14 orc warriors
  7 ogres (D:12)
  20 wolves
  3 centaurs
  3 boggarts (Lair:5)
  A phantom (D:5)
  6 kobold brigands
  11 bullfrogs
  A gnoll sergeant (D:7)
  8 scorpions
  12 wights
  39 killer bees
  5 electric eels (D:12)
  5 howler monkeys
  A gnoll bouda (D:6)
  2 hounds
  A jelly (D:5)
  9 orc priests
  12 orc wizards
  7 hell rats
  17 gnolls
  4 adders
  A white imp (D:8)
  An ufetubus (D:4)
  3 worms
  3 dart slugs
  20 orcs
  3 bat zombies (D:12)
  12 endoplasms
  4 giant cockroaches
  6 goblins
  6 hobgoblins
  29 kobolds
  6 quokkas
  7 ball pythons
  8 bats
  2 frilled lizards (D:1)
  5 rats
  A rat zombie (D:12)
525 creatures vanquished.

Vanquished Creatures (others)
  2 kobolds (D:12)
  59 fungi
  60 plants
121 creatures vanquished.

Grand Total: 646 creatures vanquished

Notes
Turn   | Place    | Note
-------+----------+-------------------------------------------
     0 | D:1      | FallingFreak the Ghoul Warper began the quest for the Orb.
     0 | D:1      | Reached XP level 1. HP: 17/17 MP: 2/2
   189 | D:1      | Reached skill level 1 in Armour
   238 | D:1      | Reached XP level 2. HP: 17/25 MP: 3/3
   426 | D:1      | Found Ehawn's Magic Scroll Shop.
   429 | D:1      | Bought a scroll of identify for 26 gold pieces
   912 | D:1      | Increase (s)trength, (i)ntelligence, or (d)exterity?
   912 | D:1      | Reached XP level 3. HP: 30/30 MP: 5/5
   915 | D:1      | Learned a level 2 spell: Blink
   918 | D:1      | Learned a level 2 spell: Lesser Beckoning
  1118 | D:2      | Noticed Sigmund
  1367 | D:2      | Identified the +2 short sword "Killer Klown's Regret"
                  | {pain, Dex+3}
  1849 | D:2      | Reached XP level 4. HP: 28/37 MP: 6/6
  2142 | D:3      | A sourceless malevolence fills the Dungeon...
  2142 | D:3      | You fall into a shaft and drop 3 floors!
  2147 | D:5      | Entered Level 5 of the Dungeon
  2179 | D:5      | Noticed a scorpion
  2266 | D:5      | Reached skill level 3 in Fighting
  2800 | D:5      | Found Ufien's General Store.
  2846 | D:5      | Killed a scorpion
  2847 | D:5      | Reached XP level 5. HP: 30/45 MP: 7/7
  3485 | D:5      | Reached XP level 6. HP: 25/51 MP: 5/9
  3984 | D:5      | Found Cuweur's Jewellery Shoppe.
  4292 | D:4      | Found a blossoming altar of Fedhas.
  4439 | D:4      | Found a burning altar of Makhleb.
  4439 | D:4      | Noticed a green death
  4508 | D:4      | Found Diwosig's Neck Hole.
  4530 | D:4      | Identified the +1 pair of boots of Rationality {Contam rF+
                  | rCorr Int+2}
  4585 | D:3      | Found a broken altar of Ashenzari.
  4870 | D:3      | Found a runed translucent gate.
  4870 | D:3      | Found a runed translucent gate.
  4870 | D:3      | Found a runed translucent gate.
  4873 | D:3      | Noticed Newt's ghost (amateur KoHu)
  4906 | D:3      | Reached skill level 4 in Fighting
  4906 | D:3      | Reached XP level 7. HP: 59/59 MP: 10/10
  5327 | D:3      | Learned a level 3 spell: Teleport Other
  5554 | D:4      | Found a sparkling altar of Nemelex Xobeh.
  5554 | D:4      | Found a transporter.
  5639 | D:5      | Found Kaevvum Cyt's Book Emporium.
  6145 | D:5      | Found Molastri's Magic Scroll Shop.
  6714 | D:5      | Found an iron altar of Okawaru.
  6720 | D:5      | Became a worshipper of Warmaster Okawaru
  6906 | D:6      | Found a shadowy altar of Dithmenos.
  6914 | D:6      | Noticed Blork the orc
  6916 | D:6      | Blork the orc changed into Blork the worm
  6916 | D:6      | Noticed Blork
  6936 | D:6      | Killed Blork the worm
  7070 | D:6      | Found an ancient bone altar of Kikubaaqudgha.
  7070 | D:6      | Found a shimmering blue altar of Sif Muna.
  7169 | D:6      | Found a staircase to the Ecumenical Temple.
  7208 | D:6      | Reached XP level 8. HP: 46/67 MP: 8/12
  7286 | Temple   | Entered the Ecumenical Temple
  7377 | Temple   | Reached * piety under Okawaru
  7455 | D:6      | Noticed Edmund
  7502 | Temple   | Killed Edmund
  7503 | Temple   | Reached skill level 5 in Fighting
  7953 | D:6      | Found a runed translucent door.
  7954 | D:6      | Noticed Crazy Yiuf
  8175 | D:7      | Reached skill level 1 in Invocations
  8279 | D:7      | Reached skill level 5 in Translocations
  9157 | D:7      | Increase (s)trength, (i)ntelligence, or (d)exterity?
  9157 | D:7      | Reached XP level 9. HP: 59/75 MP: 11/13
  9246 | D:7      | Noticed a hornet
  9314 | D:7      | HP: 3/75 [hornet (6)]
  9321 | D:7      | Killed a hornet
  9322 | D:7      | Reached skill level 6 in Fighting
  9322 | D:7      | Reached skill level 5 in Polearms
 10015 | D:7      | Reached ** piety under Okawaru
 10521 | D:8      | Noticed a hornet
 10551 | D:8      | Killed a hornet
 10552 | D:8      | Reached skill level 5 in Armour
 10767 | D:8      | Found a shimmering altar of Xom.
 11956 | D:8      | Found a bloodstained altar of Trog.
 12545 | D:9      | Noticed a troll
 12554 | D:9      | Killed a troll
 12555 | D:9      | Reached skill level 7 in Fighting
 12555 | D:9      | Reached XP level 10. HP: 79/86 MP: 11/14
 12732 | D:9      | Noticed a two-headed ogre
 12736 | D:9      | You miscast Teleport Other.
 13099 | D:5      | Bought a ring of see invisible for 195 gold pieces
 13290 | D:9      | Reached *** piety under Okawaru
 13291 | D:9      | Reached skill level 5 in Invocations
 13949 | D:9      | Found a staircase to the Lair.
 13954 | Lair:1   | Entered Level 1 of the Lair of Beasts
 14222 | D:9      | Killed a two-headed ogre
 14318 | D:9      | You miscast Lesser Beckoning.
 14433 | D:9      | Reached **** piety under Okawaru
 14434 | D:9      | Reached skill level 8 in Fighting
 14561 | Lair:1   | Noticed a cane toad
 14584 | D:9      | Killed a cane toad
 14747 | Lair:1   | Noticed a cane toad
 14770 | Lair:1   | Killed a cane toad
 14771 | Lair:1   | Reached skill level 5 in Spellcasting
 15254 | Lair:1   | Reached XP level 11. HP: 95/95 MP: 17/17
 16881 | Lair:2   | Upgraded the game from 0.30-a0-879-ga8ba668304 to
                  | 0.30-a0-881-g1ff12e1e11
 17682 | Lair:2   | Reached skill level 9 in Fighting
 17877 | Lair:2   | Found a staircase to the Snake Pit.
 18143 | Lair:2   | Reached ***** piety under Okawaru
 18921 | Lair:2   | Received a gift from Okawaru
 18935 | Lair:2   | A sourceless malevolence fills the Lair of Beasts...
 19022 | Lair:2   | Reached XP level 12. HP: 91/106 MP: 16/20
 19963 | Lair:3   | Found a staircase to the Shoals.
 19993 | Lair:3   | Reached skill level 10 in Fighting
 20946 | Lair:3   | A sourceless malevolence fills the Lair of Beasts...
 22531 | Lair:4   | A sourceless malevolence fills the Lair of Beasts... and a
                  | teleportation trap spontaneously manifests!
 22531 | Lair:4   | Noticed a death yak
 22531 | Lair:4   | Noticed a death yak
 22531 | Lair:4   | Noticed a death yak
 22531 | Lair:4   | Noticed a death yak
 22531 | Lair:4   | Noticed a death yak
 22531 | Lair:4   | Noticed a death yak
 22568 | Lair:4   | You miscast Blink.
 22831 | Lair:4   | Reached ****** piety under Okawaru
 23023 | Lair:4   | Identified the +3 glaive of Crawling {flame, Int+2 Stlth+}
                  | (Okawaru gifted it to you on level 4 of the Lair of Beasts)
 23023 | Lair:4   | Received a gift from Okawaru
 23231 | Lair:3   | Reached XP level 13. HP: 103/115 MP: 17/21
 23260 | Lair:4   | Reached skill level 11 in Fighting
 23986 | Lair:4   | Received a gift from Okawaru
 24976 | Lair:5   | Entered Level 5 of the Lair of Beasts
 24976 | Lair:5   | Found a staircase to the Slime Pits.
 24976 | Lair:5   | Found a viscous altar of Jiyva.
 25598 | Lair:4   | Reached skill level 10 in Polearms
 26034 | Lair:5   | Received a gift from Okawaru
 26167 | Lair:5   | Reached skill level 12 in Fighting
 26286 | Lair:5   | Reached skill level 10 in Armour
 27966 | D:5      | Bought a Trismegistus Codex for 336 gold pieces
 28148 | D:10     | Entered Level 10 of the Dungeon
 28413 | D:10     | Reached skill level 1 in Air Magic
 28420 | D:10     | Reached XP level 14. HP: 101/127 MP: 19/22
 29079 | D:11     | Reached skill level 1 in Ice Magic
 29301 | D:11     | Found Ykhast's Serpentskin Sales.
 29307 | D:11     | Bought 3 curare-tipped darts for 61 gold pieces
 29998 | D:11     | Reached skill level 13 in Fighting
 31132 | D:12     | Found a staircase to the Orcish Mines.
 31145 | D:12     | Noticed Sonja
 31148 | D:12     | Sonja changed into Sonja the ogre
 31148 | D:12     | Noticed Sonja
 31153 | D:12     | Killed Sonja the ogre
 31233 | D:12     | Identified the +0 scale mail of Igoix {Rampage rC++ Str-3
                  | Stlth+} (Okawaru gifted it to you on level 12 of the
                  | Dungeon)
 31233 | D:12     | Received a gift from Okawaru
 31901 | D:12     | Found an ancient bone altar of Kikubaaqudgha.
 32112 | D:12     | Noticed Urug
 32128 | D:12     | Killed Urug
 32276 | D:12     | Noticed Psyche
 32290 | D:12     | Killed Psyche
 32359 | D:12     | Found an iron altar of Okawaru.
 32413 | D:12     | Identified the +9 ring mail of Resilience {Str+3}
 32625 | D:12     | Noticed Lodul
 32632 | D:12     | Lodul changed into Lodul the human
 32632 | D:12     | Noticed Lodul
 32633 | D:12     | Lodul the human changed into Lodul the blink frog
 32633 | D:12     | Noticed Lodul
 32637 | D:12     | Killed Lodul the blink frog
 33123 | D:12     | Identified a scroll of acquirement
 33267 | D:12     | Identified the +8 mace of the Endless March {flame, *Noise
                  | Fly rF- Dex+4 SInv}
 33544 | D:13     | Noticed Snorg
 34291 | D:13     | HP: 4/129 [Snorg (13)]
 34651 | D:13     | Noticed Rupert
 34888 | D:13     | Snorg changed into Snorg the blink frog
 34888 | D:13     | Noticed Snorg
 34897 | D:12     | Killed Snorg the blink frog
 35128 | D:13     | Paralysed by Rupert for 4 turns
 35136 | D:12     | Annihilated by Rupert

Illustrated notes

Levels and vault maps discovered:
D:1:      lemuel_arrival_hallway, layout_loops_ring, serial_shops,
          nicolae_shop_behind_doors
D:2:      layout_basic, grunt_decor_fettered, uniq_sigmund
D:3:      layout_basic, evilmike_ruin_ashenzari, ebering_ghost_rock_garden,
          serial_rivers, chequers_serial_rivers_micro_e,
          chequers_serial_rivers_room_a, chequers_serial_rivers_micro_b,
          chequers_serial_rivers_micro_d, chequers_serial_rivers_micro_c,
          grunt_decor_arrowhead
D:4:      layout_rooms, nicolae_tso_swordbearing_angel,
          makhleb_altar_promises_db, fedhas_altar_1, grunt_nemelex_the_gamble,
          nicolae_shop_sticking_my_neck_out
D:5:      layout_layer_cave, hellmonk_okawaru_the_only_friend_you_need,
          serial_shops, shop, nicolae_shop_trees, shop,
          nicolae_shop_temple_entry_statues_fountains
D:6:      layout_loops_ring, gammafunk_temple_overflow_elements,
          grunt_dithmenos_smoke_and_mirrors, minmay_temple_entry_junction_2,
          nicolae_ossuary_entry_plus, uniq_edmund, uniq_blork_the_orc,
          uniq_crazy_yiuf_cottage
D:7:      layout_loops_corners
D:8:      layout_basic, trog_hazing_becter, lemuel_coloured_pillars_altar,
          kennysheep_pointless_box, st_stairs_1
D:9:      layout_roguey, grunt_lair_entry_orc_guard_hut
D:10:     layout_loops_ring
D:11:     layout_gridville, guppyfry_shop_venom
D:12:     evilmike_iron_armoury, layout_basic, orc_0_dummy,
          lemuel_zombie_altar_kikubaaqudgha, uniq_urug, uniq_psyche, uniq_lodul,
          uniq_sonja
D:13:     layout_basic, special_room [special_room_orc], uniq_rupert,
          uniq_snorg, uniq_kirke
Temple:   jpeg_temple_clearing
Lair:1:   layout_cave_pods, gauntlet_entry_generic
Lair:2:   regret_index_bee_streams, layout_regular_city,
          guppyfry_snake_entry_garden
Lair:3:   layout_small_grid, elwin_shoals_entry_stream
Lair:4:   layout_misc_corridors, nicolae_volcano_entry_vermiform
Lair:5:   minmay_lair_end_enchanted_forest, layout_long_grid, slime_entry_1,
          minmay_lindwurm_lava

Skill      XL: |  1  2  3  4  5  6  7  8  9 10 11 12 13 14 |
---------------+-------------------------------------------+-----
Armour         | 1 2 3 4 5 6 8 9 10 11 | 11.4
Polearms       | 2 3 4 5 6 8 9 10 11 | 11.6
Spellcasting   | 2 3 5 6 |  6.1
Translocations | 3 4 5 6 7 8 |  8.0
Fighting       | 3 4 5 7 8 9 10 12 13 | 13.7
Invocations    | 2 4 6 7 8 |  8.7
Air Magic      | 1 |  1.3
Ice Magic      | 4 |  4.8
Throwing       | |  0.8
Dodging        | |  1.7

Action                     |  1- 3 |  4- 6 |  7- 9 | 10-12 | 13-15 || total
---------------------------+-------+-------+-------+-------+-------++-------
  Melee: Spear             |   170 |    93 |       |       |       ||   263
         Halberd           |       |   118 |   491 |   207 |       ||   816
         Trident           |       |       |       |   605 |    71 ||   676
         Broad axe         |       |       |       |    93 |       ||    93
         Punch             |       |       |       |     4 |     2 ||     6
         Glaive            |       |       |       |    17 |   718 ||   735
  Throw: Boomerang         |       |     7 |     2 |    33 |     4 ||    46
         Dart              |       |       |    38 |   115 |    93 ||   246
         Throwing net      |       |       |       |     1 |       ||     1
   Cast: Lesser Beckoning  |       |       |     5 |    10 |    31 ||    46
         Blink             |       |       |     1 |    13 |     7 ||    21
         Teleport Other    |       |       |       |    12 |     2 ||    14
 Invoke: Heroism           |       |       |     3 |     4 |     1 ||     8
         Finesse           |       |       |       |       |     1 ||     1
  Evoke: Wand              |       |       |     5 |     8 |    17 ||    30
         Phial of floods   |       |       |       |       |     1 ||     1
    Use: Scroll            |     2 |     3 |     8 |     8 |    11 ||    32
         Potion            |       |       |     3 |     2 |       ||     5
   Stab: Distracted        |       |       |       |     1 |       ||     1
         Held in net/web   |       |       |       |     1 |       ||     1
 Armour: Scale mail        |    54 |    90 |     2 |   388 |   339 ||   873
         Leather armour    |     2 |       |       |       |       ||     2
         Ring mail         |       |       |   194 |       |   107 ||   301
         Troll leather arm |       |       |       |    36 |       ||    36
  Dodge: Dodged            |    73 |   102 |   240 |   454 |   386 ||  1255
         Repelled          |       |       |       |     5 |     4 ||     9

Table legend: (Time is in decaauts)
 A = Elapsed time spent in this place.
 B = Non-inter-level travel time spent in this place.
 C = Inter-level travel time spent in this place.
 D = Time resting spent in this place.
 E = Time spent auto-exploring this place.
 F = Levels seen in this place.
 G = Mean time per level.
                   A        B        C        D        E       F      G
               +--------+--------+--------+--------+--------+-----+--------+
         Total |  35468 |  33469 |   1999 |  13599 |  12014 |  19 | 1866.7 |
       Dungeon |  22166 |  20580 |   1586 |   7626 |   8375 |  13 | 1705.1 |
        Temple |    272 |    272 |      0 |    204 |      0 |   1 |  272.0 |
          Lair |  13028 |  12615 |    413 |   5769 |   3638 |   5 | 2605.6 |
               +--------+--------+--------+--------+--------+-----+--------+

Top non-repeatable levels by time:
  Lair:2: 3472 daAuts
    D:12: 3169 daAuts
     D:5: 3158 daAuts
  Lair:4: 2858 daAuts
  Lair:5: 2480 daAuts
     D:8: 2222 daAuts
  Lair:1: 2164 daAuts
  Lair:3: 2053 daAuts
    D:11: 2036 daAuts
     D:7: 2031 daAuts
     D:9: 1985 daAuts
     D:6: 1874 daAuts
    D:13: 1149 daAuts
     D:2: 1041 daAuts
     D:1: 1031 daAuts
